[Event "ICC tourney 2545 (5 3)"]
[Site "Internet Chess Club"]
[Date "2021.04.11"]
[Round "7"]
[White "GiteshC"]
[Black "siddhu"]
[Result "0-1"]
[ICCResult "White resigns"]
[WhiteElo "1385"]
[BlackElo "1771"]
[Opening "Sicilian: Najdorf, Opocensky variation"]
[ECO "B92"]
[NIC "SI.10"]
[Time "16:41:31"]
[TimeControl "300+3"]

1. e4 c5 2. Nf3 d6 3. d4 cxd4 4. Nxd4 Nf6 5. Nc3 a6 6. Be2 e5 7. Nb3 Be6 8.
O-O Nc6 9. Nd5 Bxd5 10. exd5 Na5 11. Bg5 Nxb3 12. axb3 Be7 13. f4 h6 14. Bh4
exf4 15. c4 g5 16. Bf2 O-O 17. Bd4 Ne4 18. Bh5 f5 19. Bg6 Bf6 20. Kh1 Bxd4
21. Qxd4 Qf6 22. Qxf6 Rxf6 23. Bh5 Nd2 24. Rfe1 Ne4 25. Rac1 Rc8 26. Bf3 Nc5
27. Rc3 g4 28. Bd1 Ne4 29. Rc2 h5 30. Kg1 Kf7 31. Rce2 b5 32. Rc2 bxc4 33.
bxc4 a5 34. b3 h4 35. Ra2 Rc5 36. Rf1 Nc3 37. Ra1 Nxd1 38. Raxd1 a4 39. bxa4
Rxc4 40. Ra1 Kg6 41. a5 Rf7 42. a6 Ra7 43. Rfb1 Kf6 44. Rb7 Rxb7 45. axb7
Rb4 46. Ra6 Ke5 47. Ra7 Kxd5 48. Kf2 Rb2+ 49. Kf1 Kc6 50. Ra6+ Kc7 51. Ra5
f3 52. gxf3 Rxh2 53. Rxf5 Kxb7 54. fxg4 h3 55. Rh5 Rg2 56. Rxh3 Rxg4 57. Ke2
Kc6 58. Rh5 d5 59. Kd3 Kc5 60. Rf5 Rg3+ 61. Kd2 Kd4 62. Rf4+ Ke5 63. Rh4 Kd6
64. Rf4 Kc5 65. Rf2 Kc4 66. Rf4+ d4 67. Rf2 Rd3+ 68. Ke2 Ra3 69. Rf4 Ra2+
70. Kd1 Kd3 71. Rf3+ Ke4 72. Rf8 Kd3 73. Rf3+ Kc4 74. Rf8 Rg2 75. Rc8+ Kd3
76. Ke1 Re2+ 77. Kf1 Re4 78. Ra8 Kd2 79. Ra2+ Kc3 80. Ra3+ Kc2 81. Ra2+ Kb3
82. Ra7 d3 83. Rb7+ Kc3 84. Rc7+ Rc4 85. Rd7 Kc2 {White resigns} 0-1

[Event "ICC tourney 2545 (5 3)"]
[Site "Internet Chess Club"]
[Date "2021.04.11"]
[Round "7"]
[White "rj1234"]
[Black "B9"]
[Result "1-0"]
[ICCResult "Black forfeits on time"]
[WhiteElo "1955"]
[BlackElo "1795"]
[Opening "Sicilian: Najdorf, Byrne (English) attack"]
[ECO "B90"]
[NIC "SI.14"]
[Time "16:40:55"]
[TimeControl "300+3"]

1. e4 c5 2. Nf3 d6 3. d4 cxd4 4. Nxd4 Nf6 5. Nc3 a6 6. Be3 e5 7. Nf3 h6 8.
Nd2 Be6 9. Nc4 Bxc4 10. Bxc4 Nbd7 11. Qe2 Be7 12. O-O-O Qc7 13. Kb1 O-O 14.
g4 b5 15. Bb3 Nb6 16. h4 b4 17. g5 bxc3 18. gxf6 Bxf6 19. Rhg1 Kh7 20. Qh5
Nc4 21. Qf5+ Kh8 22. Bxh6 Nd2+ 23. Bxd2 cxd2 24. Qh5+ Kg8 25. Qh6 Qe7 26.
Rxd2 a5 27. Rd3 d5 28. Rxg7+ Bxg7 29. Rg3 f6 30. Bxd5+ {Black forfeits on
time} 1-0

[Event "ICC tourney 2545 (5 3)"]
[Site "Internet Chess Club"]
[Date "2021.04.11"]
[Round "7"]
[White "TheOrcaPro"]
[Black "ulff"]
[Result "1/2-1/2"]
[ICCResult "Game drawn by repetition"]
[WhiteElo "1573"]
[BlackElo "1819"]
[Opening "Sicilian: Najdorf, Byrne (English) attack"]
[ECO "B90"]
[NIC "SI.14"]
[Time "16:40:49"]
[TimeControl "300+3"]

1. e4 c5 2. Nf3 d6 3. d4 cxd4 4. Nxd4 Nf6 5. Nc3 a6 6. Be3 e5 7. Nf3 Be6 8.
h3 h6 9. Bd3 Qc7 10. O-O Be7 11. Re1 Nbd7 12. Qd2 b5 13. a3 Nb6 14. b3 Rc8
15. Na2 d5 16. exd5 Nbxd5 17. c4 Nxe3 18. Qxe3 e4 19. Bxe4 bxc4 20. bxc4
Qxc4 21. Bd3 Qc5 22. Qxc5 Rxc5 23. Bxa6 Ra5 24. Bf1 O-O 25. Nb4 Ra7 26. Nc6
Rc7 27. Nxe7+ Rxe7 28. Nd4 Ra8 29. Nxe6 fxe6 30. Bc4 Kf7 31. Re3 Nd5 32.
Bxd5 exd5 33. Rxe7+ Kxe7 34. Kf1 Ra4 35. Ke2 Kd6 36. Kd3 Kc5 37. Rc1+ Kd6
38. Rc3 g5 39. f3 h5 40. Rb3 g4 41. Ke3 gxh3 42. gxh3 Ke5 43. Kf2 d4 44.
Rb5+ Kf4 45. Rxh5 Rxa3 46. Rh4+ Ke5 47. Re4+ Kd5 48. h4 Ra2+ 49. Ke1 Kc4 50.
h5 Kd3 51. h6 Ra1+ 52. Kf2 Rh1 53. Re6 Kd2 54. f4 d3 55. f5 Kd1 56. f6 Rxh6
57. f7 Rxe6 58. f8=Q Re2+ 59. Kf3 d2 60. Qb4 Ke1 61. Qh4+ Kd1 62. Qa4+ Ke1
63. Qh4+ Kd1 64. Qa4+ Ke1 65. Qh4+ {Game drawn by repetition} 1/2-1/2

[Event "ICC tourney 2545 (5 3)"]
[Site "Internet Chess Club"]
[Date "2021.04.11"]
[Round "7"]
[White "cstefan"]
[Black "Chaos23"]
[Result "1/2-1/2"]
[ICCResult "Game drawn because neither player has mating material"]
[WhiteElo "1956"]
[BlackElo "1891"]
[Opening "Sicilian: closed"]
[ECO "B23"]
[NIC "SI.44"]
[Time "16:41:15"]
[TimeControl "300+3"]

1. e4 c5 2. Nc3 a6 3. g3 b5 4. Bg2 Bb7 5. Nge2 e5 6. d3 Ne7 7. O-O b4 8. Na4
d6 9. f4 Nec6 10. Be3 Nd7 11. c3 bxc3 12. bxc3 Be7 13. Rb1 Rb8 14. d4 cxd4
15. cxd4 O-O 16. fxe5 dxe5 17. d5 Na5 18. Qd3 Rc8 19. Rfc1 Bd6 20. Bh3 Rxc1+
21. Rxc1 Bc8 22. Bg2 Nb7 23. Qxa6 Ndc5 24. Nxc5 Bxc5 25. Bxc5 Nxc5 26. Qc4
Nb7 27. h4 Nd6 28. Qc7 Bg4 29. Qxd8 Rxd8 30. Kf2 Kf8 31. Rc2 Ra8 32. Nc1 Ra4
33. Ke3 f5 34. exf5 Nxf5+ 35. Kf2 Ra3 36. Nb3 Bd1 37. Rc8+ Ke7 38. Nc1 Nxg3
39. Rc7+ Kd6 40. Rxg7 Nf5 41. Rxh7 Rc3 42. Nb3 Rc2+ 43. Kg1 Rxa2 44. Nc1 Ra1
45. Rf7 Rxc1 46. Rf6+ Kc5 47. Rxf5 Bb3+ 48. Rf1 Rxf1+ 49. Kxf1 Bxd5 50. h5
Bg8 51. Kf2 Kd6 52. Ke3 Ke6 53. Be4 Kf6 54. Bg6 Kg5 55. Ke4 Be6 56. Kxe5 Bg4
57. Be8 Bxh5 {Game drawn because neither player has mating material} 1/2-1/2

[Event "ICC tourney 2545 (5 3)"]
[Site "Internet Chess Club"]
[Date "2021.04.11"]
[Round "7"]
[White "Eagle64"]
[Black "gmRohde"]
[Result "1-0"]
[ICCResult "Black forfeits on time"]
[WhiteElo "2574"]
[BlackElo "1910"]
[Opening "King's Indian: fianchetto, Larsen system"]
[ECO "A46"]
[NIC "QP.06"]
[Time "16:40:55"]
[TimeControl "300+3"]

1. d4 Nf6 2. Nf3 d6 3. c4 g6 4. Nc3 Bf5 5. g3 Bg7 6. Bg2 c6 7. O-O O-O 8.
Nh4 Be6 9. b3 d5 10. Qd3 Na6 11. Ba3 Qd7 12. Nf3 Bf5 13. Qd2 Ne4 14. Qe3
Nxc3 15. Qxc3 c5 16. cxd5 Be4 17. Rad1 Rac8 18. Ne5 Qxd5 19. dxc5 Bxe5 20.
Rxd5 Bxc3 21. Bxe4 e6 22. Rd3 Nxc5 23. Rxc3 Nxe4 24. Re3 Nd2 25. Rd1 Rfd8
26. Kg2 Rd5 27. Rd3 Rc2 28. Rxd5 exd5 29. Bb4 Ne4 30. Rxd5 Rxa2 31. Kf3 f5
32. Rd8+ Kf7 33. Rd7+ Ke6 34. Rxb7 Rb2 35. Ba5 Nc5 36. Rxa7 Rxb3+ 37. Kg2
Rb2 38. Bd8 Ne4 39. Kf3 Rb3+ 40. Kg2 Rb2 41. Kf3 Rb3+ 42. Kf4 Rb2 43. f3 Nf2
44. Rxh7 Rd2 45. Re7+ Kd6 46. Kg5 Kc6 47. Ba5 Rd6 48. Bb4 Rd4 49. Bc3 Rc4
50. Be5 Nd1 51. Rc7+ Kd5 52. Rxc4 Kxc4 53. Kxg6 {Black forfeits on time} 1-0

[Event "ICC tourney 2545 (5 3)"]
[Site "Internet Chess Club"]
[Date "2021.04.11"]
[Round "7"]
[White "Structor99"]
[Black "shirovinster"]
[Result "0-1"]
[ICCResult "White forfeits on time"]
[WhiteElo "1895"]
[BlackElo "1829"]
[Opening "Grünfeld: Stockholm variation"]
[ECO "D80"]
[NIC "GI.03"]
[Time "16:40:55"]
[TimeControl "300+3"]

1. d4 Nf6 2. c4 g6 3. Nc3 d5 4. Bg5 Ne4 5. Nxe4 dxe4 6. f3 Bg7 7. e3 c5 8.
fxe4 cxd4 9. exd4 Qxd4 10. Qxd4 Bxd4 11. Rb1 O-O 12. Nf3 Bg7 13. Bxe7 Re8
14. Bc5 Rxe4+ 15. Kf2 Nc6 16. Bd3 Re8 17. Rhe1 Bg4 18. Be4 Rxe4 19. Rxe4 Bf5
20. Ree1 Bxb1 21. Rxb1 Rc8 22. b3 b6 23. Be3 Rd8 24. a4 Nb4 25. a5 Nc2 26.
axb6 Nxe3 27. Kxe3 axb6 28. b4 Bh6+ 29. Ke4 Bf8 30. Ne5 f5+ 31. Kf3 Rc8 32.
b5 Bc5 33. Rd1 Re8 34. Rd5 Kg7 35. h4 Re7 36. Nd7 Bg1 37. c5 bxc5 38. Nxc5
Re3+ 39. Kf4 Rc3 40. Nd3 Rc4+ 41. Kg3 h6 42. Kh3 Rc3 43. g3 Kf6 44. Kg2 Be3
45. Kf3 Bg1 46. Kg2 Be3 47. Kf3 Bg1 48. Rd6+ Kg7 49. Ke2 Rc2+ 50. Kd1 Ra2
51. Nf4 g5 52. Nh5+ Kh7 53. Nf6+ Kg7 54. hxg5 hxg5 55. b6 Rb2 56. Nd5 f4 57.
gxf4 gxf4 58. Kc1 Rb5 {White forfeits on time} 0-1

[Event "ICC tourney 2545 (5 3)"]
[Site "Internet Chess Club"]
[Date "2021.04.11"]
[Round "7"]
[White "Python64"]
[Black "ChalsparoV"]
[Result "0-1"]
[ICCResult "White resigns"]
[WhiteElo "1757"]
[BlackElo "1819"]
[Opening "Caro-Kann: advance variation"]
[ECO "B12"]
[NIC "CK.02"]
[Time "16:41:35"]
[TimeControl "300+3"]

1. e4 c6 2. d4 d5 3. e5 c5 4. c3 Nc6 5. Nf3 Bg4 6. Be2 e6 7. O-O Rc8 8. Na3
a6 9. Nc2 Qb6 10. a3 c4 11. h3 Bh5 12. Nh2 Bg6 13. f4 h5 14. Ne3 Nge7 15. g4
hxg4 16. hxg4 Be4 17. f5 Na5 18. Nf3 Nb3 19. Bd2 Nxa1 20. Ng5 Rh1+ 21. Kf2
Rxf1+ 22. Bxf1 Nb3 23. Nxe4 dxe4 24. Nxc4 Rxc4 25. Bxc4 Nxd2 26. Qxd2 exf5
27. gxf5 Nxf5 28. Qc2 Qc6 29. Qe2 e3+ 30. Kg1 g6 31. Bd3 Bh6 32. Qg4 Qe6 33.
Qh3 Bf8 34. Qg2 Nh4 35. Qg3 Be7 36. Be4 Qb3 37. Qxe3 Qxb2 38. Bd5 Nf5 39.
Qh3 Qc1+ 40. Kg2 Qd2+ 41. Kg1 Qe1+ 42. Kh2 Qf2+ 43. Qg2 Qf4+ 44. Kg1 Ne3 45.
Qf3 Qg5+ 46. Kf2 Nxd5 47. Qxd5 Qd2+ 48. Kf1 Qd3+ 49. Kf2 Qc2+ 50. Kf1 Qd3+
51. Kg2 Qb5 52. Qa2 Qc6+ 53. Kf2 Qxc3 54. Qd5 Qc6 55. Qxc6+ bxc6 56. a4 Kd7
57. Ke3 Ke6 {White resigns} 0-1

[Event "ICC tourney 2545 (5 3)"]
[Site "Internet Chess Club"]
[Date "2021.04.11"]
[Round "7"]
[White "Chesscrow"]
[Black "A4-H5"]
[Result "0-1"]
[ICCResult "White resigns"]
[WhiteElo "1697"]
[BlackElo "1836"]
[Opening "Sicilian: Nimzovich-Rubinstein variation"]
[ECO "B29"]
[NIC "SI.43"]
[Time "16:41:15"]
[TimeControl "300+3"]

1. e4 c5 2. Nf3 Nf6 3. e5 Nd5 4. c4 Nc7 5. Nc3 Nc6 6. d3 g6 7. Be3 Bg7 8.
Bxc5 Nxe5 9. Nxe5 Bxe5 10. d4 Bg7 11. a4 Ne6 12. Be2 d6 13. Bb4 Nxd4 14. O-O
O-O 15. Bg4 Bxg4 16. Qxg4 Nc2 17. Ba3 Nxa1 18. Rxa1 Qc8 19. Qg3 Qxc4 20. Re1
Rfe8 21. h4 Rac8 22. h5 Qb3 23. hxg6 hxg6 24. Ne4 Qxg3 25. Nxg3 Rc6 26. Ne4
d5 27. Nc5 b6 28. Nd3 a5 29. Nf4 e6 30. Nxd5 Kh7 31. g3 Rc4 32. Kg2 Bd4 33.
Re4 Rxa4 34. Nf6+ Bxf6 35. Rxa4 Rd8 36. Rf4 Kg7 37. Rf3 Rd5 38. b4 axb4 39.
Bxb4 b5 40. Rb3 Bd4 41. Be7 Rf5 42. f3 Bc5 43. Bd8 Bd4 44. Bc7 Rd5 45. f4
Kf6 46. Kf3 Ke7 47. Ba5 Kd7 48. Ke4 f5+ 49. Kf3 e5 50. fxe5 Bxe5 51. Be1 g5
52. g4 fxg4+ 53. Kxg4 Bf4 54. Bf2 Kc6 55. Rc3+ Kd6 56. Rb3 Ke5 57. Bb6 Ke4
58. Rb4+ Kd3 59. Ba5 Bd2 60. Rb3+ Kc2 61. Bxd2 Kxb3 62. Bxg5 Rxg5+ 63. Kxg5
b4 64. Kf4 Kc2 65. Ke3 b3 66. Ke2 b2 67. Ke3 b1=Q 68. Kd4 Kd2 69. Kc4 Qb2
70. Kc5 Kd3 71. Kd5 Qb5+ 72. Kd6 Ke4 73. Kc7 Kd5 74. Kc8 Kd6 {White resigns}
0-1

[Event "ICC tourney 2545 (5 3)"]
[Site "Internet Chess Club"]
[Date "2021.04.11"]
[Round "7"]
[White "Vazulka"]
[Black "Radja"]
[Result "1/2-1/2"]
[ICCResult "Game drawn because neither player has mating material"]
[WhiteElo "1862"]
[BlackElo "2153"]
[Opening "Sicilian: Kan, Maróczy bind (Réti variation)"]
[ECO "B41"]
[NIC "SI.41"]
[Time "16:40:55"]
[TimeControl "300+3"]

1. e4 c5 2. Nf3 e6 3. d4 cxd4 4. Nxd4 a6 5. c4 Qc7 6. Nc3 Nf6 7. a3 d6 8.
Be3 Be7 9. Rc1 Nbd7 10. Be2 O-O 11. O-O b6 12. b4 Bb7 13. f3 Rac8 14. Qb3
Qb8 15. Rfd1 Bd8 16. Bf2 Bc7 17. g3 Kh8 18. Bf1 Ne5 19. Na4 Ned7 20. Bg2 Qa8
21. Ne2 Rfe8 22. Be3 h6 23. Bf4 Ne5 24. Bxe5 dxe5 25. c5 bxc5 26. Nxc5 Bc6
27. Nc3 Qa7 28. Kh1 Rb8 29. Qc4 Bb5 30. Nxb5 axb5 31. Qc3 Bb6 32. Rd3 Rbd8
33. Rcd1 Rxd3 34. Rxd3 Rc8 35. Qxe5 Bxc5 36. bxc5 Qxc5 37. Qxc5 Rxc5 38. Bf1
e5 39. Rb3 Rc1 40. Kg2 Ra1 41. Bxb5 g5 42. a4 Ra2+ 43. Kg1 g4 44. Bc6 Kg7
45. f4 exf4 46. gxf4 Nh5 47. Rb7 Nxf4 48. Be8 Nh3+ 49. Kf1 Rf2+ 50. Ke1 Rf4
51. Kd2 Rxe4 52. Bxf7 Kf6 53. Bb3 Nf4 54. a5 Re5 55. a6 Ra5 56. a7 h5 57.
Kc3 h4 58. Kb4 Ra6 59. Kc5 g3 60. hxg3 hxg3 61. Rb6+ Rxb6 62. Kxb6 g2 63.
a8=Q g1=Q+ 64. Kc7 Qc5+ 65. Qc6+ Ne6+ 66. Bxe6 Qxc6+ 67. Kxc6
{Game drawn because neither player has mating material}
1/2-1/2

[Event "ICC tourney 2545 (5 3)"]
[Site "Internet Chess Club"]
[Date "2021.04.11"]
[Round "7"]
[White "Vision2000"]
[Black "zugspitze"]
[Result "0-1"]
[ICCResult "White forfeits on time"]
[WhiteElo "1420"]
[BlackElo "1626"]
[Opening "QGD: Albin counter-gambit"]
[ECO "D08"]
[NIC "QG.02"]
[Time "16:41:35"]
[TimeControl "300+3"]

1. d4 d5 2. c4 e5 3. dxe5 d4 4. Nf3 Nc6 5. e3 Bb4+ 6. Bd2 dxe3 7. fxe3 Nge7
8. a3 Bxd2+ 9. Nbxd2 O-O 10. Qc2 Bf5 11. e4 Be6 12. O-O-O Ng6 13. Qc3 Qe7
14. h4 Bg4 15. h5 Ngxe5 16. h6 g6 17. Be2 f6 18. Nxe5 Nxe5 19. Nf3 Bxf3 20.
gxf3 Rad8 21. f4 Nf7 22. Bf3 c6 23. c5 Rxd1+ 24. Rxd1 Rd8 25. Rxd8+ Qxd8 26.
Qc4 Kf8 27. e5 fxe5 28. fxe5 Nxh6 29. Kb1 Nf5 30. Qb4 Qd3+ 31. Ka2 Qxf3 32.
Qxb7 Qd5+ 33. Ka1 Qxc5 34. Qxh7 Qg1+ 35. Ka2 Ng7 36. Qh4 g5 37. Qb4+ Kf7 38.
Qd6 Qe3 39. Qf6+ Kg8 40. Qxc6 Qxe5 41. Qc8+ Kh7 42. Qh3+ Kg6 43. Qd3+ Kf6
44. Qf3+ Nf5 45. Qh1 Qe6+ 46. Ka1 Nh4 47. Qf1+ Kg6 48. Qd3+ Kh6 49. Qd4 a6
50. Qh8+ Kg6 51. Qd4 g4 52. Qd3+ Nf5 53. Qd1 g3 54. Qg4+ Kf6 55. Qh3 Qe1+
56. Ka2 Qf2 57. Qh8+ Kg5 58. Qd8+ Kf4 59. Qc7+ Kf3 60. Qc6+ Ke2 61. Qxa6+
Ke1 62. Qe6+ Kf1 63. Qc4+ Kg1 64. Qg4 g2 65. a4 Ne3 66. Qh3 Kf1 67. a5 Ke1
{White forfeits on time}
0-1

[Event "ICC tourney 2545 (5 3)"]
[Site "Internet Chess Club"]
[Date "2021.04.11"]
[Round "7"]
[White "Tecmo"]
[Black "ickyquarter"]
[Result "0-1"]
[ICCResult "White forfeits on time"]
[WhiteElo "1439"]
[BlackElo "1670"]
[Opening "Bird's opening"]
[ECO "A03"]
[NIC "VO.07"]
[Time "16:40:50"]
[TimeControl "300+3"]

1. f4 d5 2. Nf3 g6 3. e3 Bg7 4. Nc3 Nf6 5. b3 O-O 6. Bb2 c5 7. Be2 Nc6 8.
O-O a6 9. a3 b5 10. Qe1 Bb7 11. Qh4 Ne4 12. Rab1 Nxc3 13. Bxc3 d4 14. Bb2
dxe3 15. Bxg7 Kxg7 16. dxe3 e6 17. Rbd1 Qxh4 18. Nxh4 Rfd8 19. Nf3 Ne7 20.
Rd3 Nf5 21. Rfd1 Rxd3 22. Rxd3 Be4 23. Rc3 Rc8 24. Ng5 Bb7 25. Kf2 h6 26.
Nf3 Nd6 27. Bd3 Be4 28. Ke2 Bxd3+ 29. cxd3 c4 30. bxc4 bxc4 31. dxc4 Rxc4
32. Kd3 Ra4 33. Nd4 Ra5 34. Rb3 Nf5 35. Nxf5+ gxf5 36. h3 Kf6 37. g3 Rd5+
38. Ke2 a5 39. Rd3 Rb5 40. Kf3 Rc5 41. Rb3 Rc4 42. Rb5 a4 43. Ra5 Ke7 44. g4
fxg4+ 45. Kxg4 Kf6 46. Kh5 Rc3 47. Rxa4 Rxe3 48. Kg4 Kg6 49. Ra5 f5+
{White forfeits on time}
0-1

[Event "ICC tourney 2545 (5 3)"]
[Site "Internet Chess Club"]
[Date "2021.04.11"]
[Round "8"]
[White "Draconian"]
[Black "jmpe"]
[Result "1-0"]
[ICCResult "Black resigns"]
[WhiteElo "1856"]
[BlackElo "1624"]
[Opening "Sicilian: Alapin's variation (2.c3)"]
[ECO "B22"]
[NIC "SI.46"]
[Time "17:05:47"]
[TimeControl "300+3"]

1. e4 c5 2. c3 Nc6 3. d4 cxd4 4. cxd4 d6 5. Nf3 g6 6. Bc4 Bg7 7. Nc3 Qb6 8.
Nd5 Qd8 9. O-O Nf6 10. Nxf6+ Bxf6 11. Bh6 Qb6 12. e5 dxe5 13. dxe5 Nxe5 14.
Nxe5 Bxe5 15. Qd5 Qf6 16. Bb5+ {Black resigns} 1-0

[Event "ICC tourney 2545 (5 3)"]
[Site "Internet Chess Club"]
[Date "2021.04.11"]
[Round "8"]
[White "wildrumpus"]
[Black "AtharvRB"]
[Result "1-0"]
[ICCResult "Black checkmated"]
[WhiteElo "1394"]
[BlackElo "1524"]
[Opening "Queen's pawn: stonewall attack"]
[ECO "D00"]
[NIC "QP.08"]
[Time "17:06:15"]
[TimeControl "300+3"]

1. d4 d5 2. e3 Nf6 3. Bd3 c5 4. c3 Nc6 5. f4 e6 6. Nd2 Bd6 7. Ngf3 h5 8. Ne5
Bxe5 9. fxe5 Nd7 10. O-O f6 11. Bg6+ Ke7 12. Bxh5 b6 13. Qg4 Rf8 14. Qxg7+
Rf7 15. Qxf7# {Black checkmated} 1-0

[Event "ICC tourney 2545 (5 3)"]
[Site "Internet Chess Club"]
[Date "2021.04.11"]
[Round "8"]
[White "chessrex"]
[Black "jbowman3"]
[Result "1-0"]
[ICCResult "Black resigns"]
[WhiteElo "1805"]
[BlackElo "1416"]
[Opening "Dutch, Krejcik gambit"]
[ECO "A80"]
[NIC "HD.12"]
[Time "17:05:40"]
[TimeControl "300+3"]

1. d4 f5 2. g4 d5 3. g5 g6 4. Nf3 b6 5. h4 Bg7 6. h5 gxh5 7. Rxh5 Bb7 8. Bf4
e6 9. Be5 Bxe5 10. Nxe5 Ne7 11. g6 h6 12. Nf7 {Black resigns} 1-0

[Event "ICC tourney 2545 (5 3)"]
[Site "Internet Chess Club"]
[Date "2021.04.11"]
[Round "8"]
[White "ROWLAND"]
[Black "MrsPiggy"]
[Result "1-0"]
[ICCResult "Black resigns"]
[WhiteElo "1559"]
[BlackElo "1334"]
[Opening "Philidor's defense"]
[ECO "C41"]
[NIC "KP.08"]
[Time "17:05:46"]
[TimeControl "300+3"]

1. e4 e5 2. Nf3 d6 3. d4 Bg4 4. dxe5 Bxf3 5. gxf3 Nc6 6. exd6 Bxd6 7. Bg2
Nf6 8. O-O O-O 9. Bg5 Be7 10. Nc3 h6 11. Bh4 Qxd1 12. Raxd1 Rad8 13. f4 Nd4
14. e5 Nf5 15. exf6 Nxh4 16. fxe7 Rxd1 17. exf8=Q+ Kxf8 {Black resigns} 1-0

[Event "ICC tourney 2545 (5 3)"]
[Site "Internet Chess Club"]
[Date "2021.04.11"]
[Round "8"]
[White "Schlomo"]
[Black "ybabji"]
[Result "1-0"]
[ICCResult "Black checkmated"]
[WhiteElo "1989"]
[BlackElo "1291"]
[Opening "Queen's gambit accepted"]
[ECO "D26"]
[NIC "QG.03"]
[Time "17:05:46"]
[TimeControl "300+3"]

1. d4 d5 2. c4 dxc4 3. e3 Nf6 4. Bxc4 e6 5. Nf3 Bd6 6. O-O Nc6 7. Qe2 Bd7 8.
e4 Be7 9. Nc3 a6 10. e5 Ng8 11. a4 h6 12. Rd1 Rb8 13. d5 exd5 14. Bxd5 Na7
15. e6 fxe6 16. Bxe6 Nf6 17. Ne5 Qc8 18. Nxd7 Nc6 19. Nxf6+ gxf6 20. Qh5+
Kf8 21. Qf7# {Black checkmated} 1-0

[Event "ICC tourney 2545 (5 3)"]
[Site "Internet Chess Club"]
[Date "2021.04.11"]
[Round "8"]
[White "iamGodskid"]
[Black "michaelxiao"]
[Result "0-1"]
[ICCResult "White resigns"]
[WhiteElo "1382"]
[BlackElo "1365"]
[Opening "Queen's pawn game"]
[ECO "D00"]
[NIC "QP.08"]
[Time "17:06:01"]
[TimeControl "300+3"]

1. d4 d5 2. g3 Nf6 3. Bg2 e6 4. Nf3 Be7 5. Bg5 O-O 6. Bxf6 Bxf6 7. O-O Nd7
8. Nc3 c5 9. dxc5 Nxc5 10. Nd4 b5 11. Ndxb5 Bb7 12. e3 a6 13. Nd4 Bxd4 14.
Qxd4 Nd7 15. Qb4 Rb8 16. Qf4 Nf6 17. e4 dxe4 18. Nxe4 Nxe4 19. Bxe4 Bxe4 20.
Qxe4 Rxb2 21. Qd4 Qxd4 {White resigns} 0-1

[Event "ICC tourney 2545 (5 3)"]
[Site "Internet Chess Club"]
[Date "2021.04.11"]
[Round "8"]
[White "elpitagoras"]
[Black "clammer"]
[Result "1-0"]
[ICCResult "Black resigns"]
[WhiteElo "1487"]
[BlackElo "816"]
[Opening "Bishop's opening: Berlin defense"]
[ECO "C24"]
[NIC "IG.04"]
[Time "17:05:23"]
[TimeControl "300+3"]

1. e4 e5 2. Bc4 Nf6 3. d3 Be7 4. f4 d6 5. Nf3 Bg4 6. O-O O-O 7. h3 Bxf3 8.
Rxf3 c6 9. Bb3 Nbd7 10. f5 Nc5 11. Be3 Nxb3 12. axb3 b6 13. Nd2 d5 14. Rg3
d4 15. Bh6 Re8 16. Bxg7 Bf8 17. Bxf6+ Bg7 18. Bxd8 {Black resigns} 1-0

[Event "ICC tourney 2545 (5 3)"]
[Site "Internet Chess Club"]
[Date "2021.04.11"]
[Round "8"]
[White "gmRohde"]
[Black "HenrikL"]
[Result "1-0"]
[ICCResult "Black resigns"]
[WhiteElo "1926"]
[BlackElo "1781"]
[Opening "Sicilian: Nimzovich-Rossolimo attack (without ...d6)"]
[ECO "B30"]
[NIC "SI.31"]
[Time "17:05:12"]
[TimeControl "300+3"]

1. e4 c5 2. Nf3 Nc6 3. Bb5 e6 4. Bxc6 bxc6 5. O-O d5 6. d3 Nf6 7. Nc3 Be7 8.
Qe2 O-O 9. Na4 Qa5 10. b3 Ba6 11. c4 Rab8 12. Bf4 Rb7 13. Ne5 Rc8 14. Rfe1
Nd7 15. exd5 cxd5 16. cxd5 Nxe5 17. Bxe5 exd5 18. Qg4 Bf8 19. Qxc8 Rxb3 20.
Qxf8+ {Black resigns} 1-0

[Event "ICC tourney 2545 (5 3)"]
[Site "Internet Chess Club"]
[Date "2021.04.11"]
[Round "8"]
[White "FootstepsOfDawn"]
[Black "jayam111"]
[Result "0-1"]
[ICCResult "White resigns"]
[WhiteElo "989"]
[BlackElo "1512"]
[Opening "Queen's pawn: London system"]
[ECO "A45"]
[NIC "QP.07"]
[Time "17:05:52"]
[TimeControl "300+3"]

1. d4 Nf6 2. Bf4 e6 3. Nd2 d5 4. e3 Bd6 5. Bg3 O-O 6. Ngf3 Nc6 7. c3 b6 8.
Ne5 Bb7 9. Ndf3 Ne4 10. Bd3 Bxe5 11. Nxe5 Nxe5 12. Bxe5 Qh4 13. Bxe4 dxe4
14. Qe2 Qg5 15. g3 c5 16. O-O-O Rac8 17. f4 exf3 18. Qxf3 Bxf3 19. Bf4 Qd5
20. Kb1 Bxh1 21. Rxh1 Qxh1+ {White resigns} 0-1

[Event "ICC tourney 2545 (5 3)"]
[Site "Internet Chess Club"]
[Date "2021.04.11"]
[Round "8"]
[White "ickyquarter"]
[Black "Lewton"]
[Result "0-1"]
[ICCResult "White checkmated"]
[WhiteElo "1669"]
[BlackElo "2213"]
[Opening "Caro-Kann: Tartakower (fantasy) variation"]
[ECO "B12"]
[NIC "CK.02"]
[Time "17:05:19"]
[TimeControl "300+3"]

1. e4 c6 2. d4 d5 3. f3 Qb6 4. Nc3 dxe4 5. fxe4 e5 6. d5 Bc5 7. Nf3 Bf2+ 8.
Ke2 Nf6 9. Rb1 Bd4 10. Bg5 Nbd7 11. dxc6 bxc6 12. Bxf6 Nxf6 13. Ke1 Bf2+ 14.
Kd2 Qe3# {White checkmated} 0-1

[Event "ICC tourney 2545 (5 3)"]
[Site "Internet Chess Club"]
[Date "2021.04.11"]
[Round "8"]
[White "AbhinavSinha19"]
[Black "BIRDSMAN"]
[Result "1/2-1/2"]
[ICCResult "Game drawn by mutual agreement"]
[WhiteElo "1277"]
[BlackElo "1211"]
[Opening "Sicilian"]
[ECO "B56"]
[NIC "SI.25"]
[Time "17:06:19"]
[TimeControl "300+3"]

1. e4 c5 2. Nf3 d6 3. d4 cxd4 4. Nxd4 Nf6 5. Nc3 Nc6 6. Bb5 Bd7 7. Bxc6 bxc6
8. Be3 Ng4 9. O-O Nxe3 10. fxe3 e6 11. Qf3 Qe7 12. Rf2 e5 13. Nf5 Bxf5 14.
Qxf5 Qe6 15. Qf3 Be7 16. Raf1 O-O 17. Qh5 Qg6 18. Qh3 Qe6 19. Qg3
{Game drawn by mutual agreement}
1/2-1/2

[Event "ICC tourney 2545 (5 3)"]
[Site "Internet Chess Club"]
[Date "2021.04.11"]
[Round "8"]
[White "ashrafismyname"]
[Black "marazul1"]
[Result "1-0"]
[ICCResult "Black checkmated"]
[WhiteElo "1586"]
[BlackElo "1209"]
[Opening "Bishop's opening"]
[ECO "C23"]
[NIC "IG.04"]
[Time "17:05:25"]
[TimeControl "300+3"]

1. e4 e5 2. Bc4 Nc6 3. d3 a6 4. a3 b5 5. Ba2 Nf6 6. Nc3 Bb7 7. h3 Nd4 8.
Nge2 d5 9. Ng3 Bc6 10. O-O a5 11. Kh1 b4 12. Nce2 a4 13. axb4 Bxb4 14. c3
Nb3 15. Bxb3 axb3 16. Rxa8 Qxa8 17. cxb4 O-O 18. f4 Qe8 19. f5 d4 20. Ng1
Qe7 21. Nf3 Qxb4 22. Nh4 Bb5 23. Bg5 Nd7 24. f6 g6 25. Ngf5 Ra8 26. Bh6 Ra2
27. Ne7+ Kh8 28. Bg7# {Black checkmated} 1-0

[Event "ICC tourney 2545 (5 3)"]
[Site "Internet Chess Club"]
[Date "2021.04.11"]
[Round "8"]
[White "JamesS"]
[Black "cocokiu"]
[Result "1-0"]
[ICCResult "Black checkmated"]
[WhiteElo "1342"]
[BlackElo "1262"]
[Opening "King's pawn game"]
[ECO "C50"]
[NIC "IG.03"]
[Time "17:06:16"]
[TimeControl "300+3"]

1. e4 e5 2. Nf3 Nc6 3. Bc4 h6 4. c3 Bc5 5. d3 Nf6 6. Nbd2 O-O 7. O-O a6 8.
Bb3 b5 9. Bc2 d6 10. b4 Ba7 11. h3 a5 12. a3 axb4 13. axb4 Bb7 14. Bb2 Bb6
15. d4 Rxa1 16. Bxa1 exd4 17. Nxd4 Nxd4 18. cxd4 Re8 19. Qf3 Qe7 20. Re1 Qd8
21. g4 d5 22. e5 Nd7 23. Qf5 g6 24. Qf4 Kg7 25. Nb3 Nb8 26. Nc5 Bxc5 27.
dxc5 d4 28. Bxd4 Qd5 29. e6+ Kh7 30. Qxf7# {Black checkmated} 1-0